Map: Port Aleksander LE

Players

Scarlett - Winner!

  • Race: Zerg Zerg
  • Spawn Location: 5:00

RiSky

  • Race: Zerg Zerg
  • Spawn Location: 11:00

Event: IEM Season 13: Katowice (2019)

VOD

Have the link to the VOD?

Description

Time

  • Played on: Feb. 25, 2019, 8:57 a.m.
  • Length: 7:32

All games in this series

Show
View Real Time Build Order
Export as new Build Order

Scarlett Zerg - Winner!

Build Orders: Hatch First 

Get SALT Encoding   

  12  0:00  Drone  
  13  0:13  Overlord  
  13  0:18  Drone  
  14  0:31  Drone x2  
  16  0:48  Hatchery  
  15  0:52  Drone  
  15  0:56  Drone  
  17  1:00  Drone  
  18  1:11  Extractor  
  17  1:15  Spawning Pool  
  17  1:18  Drone  
  17  1:21  Drone  
  18  1:28  Drone  
  19  1:40  Drone  
  20  1:50  Drone  
  21  2:00  Overlord  
  21  2:01  Queen x2  
  21  2:02  Zergling x2  
  26  2:12  Drone  
  27  2:16  Drone  
  27  2:22  Evolution Chamber  
  27  2:26  Drone x2  
  29  2:33  Drone x2  
  31  2:42  Queen  
  33  2:44  Overlord  
  33  2:48  Zerg Missile Weapons Level 1  
  34  2:51  Drone  
  34  2:54  Drone x2  
  36  3:04  Lair  
  36  3:07  Drone x2  
  36  3:09  Drone x2  
  36  3:12  Drone  
  41  3:16  Overlord  
  41  3:23  Roach Warren  
  41  3:25  Overlord  
  40  3:29  Drone x2  
  42  3:34  Drone x2  
  42  3:35  Extractor  
  42  3:37  Extractor  
  42  3:41  Drone x3  
  44  3:46  Drone x2  
  46  3:56  Drone x5  
  51  4:06  Hatchery  
  51  4:07  Glial Reconstitution  
  50  4:12  Overseer  
  50  4:16  Drone  
  50  4:17  Drone  
  52  4:18  Extractor  
  52  4:21  Drone  
  52  4:22  Roach x2  
  56  4:25  Overseer  
  56  4:31  Roach x2, Overlord  
  60  4:38  Overlord x2  
  60  4:50  Roach x4  
  60  4:51  Zerg Missile Weapons Level 2  
  68  4:57  Evolution Chamber  
  67  5:03  Roach x3  
  73  5:10  Roach x3  
  73  5:13  Overlord  
  79  5:29  Roach x2  
  85  5:39  Drone x7  
  92  5:48  Overlord  
  92  5:49  Overlord x2  
  92  5:52  Roach  
  92  5:56  Overlord x3  
  92  6:01  Roach x2  
  92  6:03  Roach  
  85  6:21  Roach x3  
  91  6:25  Queen  
  91  6:31  Drone x8  
  99  6:33  Drone  
  100  6:43  Roach x4  
  108  6:51  Roach x4  
  117  6:54  Ravager x5  
  117  7:00  Roach x3  
  127  7:05  Roach x2  
Show
View Real Time Build Order
Export as new Build Order

RiSky Zerg 

Build Orders: Hatch First, Roach Nydus 

Get SALT Encoding   

  12  0:00  Drone  
  13  0:13  Overlord  
  13  0:18  Drone  
  14  0:31  Drone x2  
  16  0:49  Hatchery  
  15  0:53  Drone  
  15  0:56  Drone  
  17  0:59  Drone  
  18  1:10  Extractor  
  17  1:15  Spawning Pool  
  17  1:18  Drone  
  17  1:22  Drone  
  18  1:28  Drone  
  19  1:39  Drone  
  20  1:50  Overlord  
  20  2:00  Drone  
  21  2:01  Drone  
  21  2:02  Queen x2  
  26  2:11  Drone x2  
  28  2:22  Drone  
  29  2:24  Zergling x2  
  29  2:29  Evolution Chamber  
  29  2:33  Drone x2  
  31  2:44  Lair  
  31  2:45  Queen, Drone  
  31  2:46  Drone  
  35  2:55  Roach Warren  
  34  2:58  Zerg Missile Weapons Level 1  
  34  3:00  Drone  
  34  3:02  Drone  
  36  3:12  Overlord  
  36  3:14  Overlord  
  36  3:16  Extractor, Drone  
  35  3:24  Extractor, Drone  
  35  3:27  Drone  
  35  3:31  Drone x4  
  40  3:35  Drone  
  40  3:39  Drone  
  42  3:43  Glial Reconstitution  
  42  3:46  Drone x3  
  42  3:47  Drone  
  46  3:52  Overlord  
  46  3:54  Drone  
  47  3:55  Drone  
  48  4:03  Overlord  
  48  4:10  Overseer  
  48  4:12  Hatchery  
  47  4:20  Roach x2  
  47  4:23  Roach x2  
  55  4:25  Roach  
  55  4:30  Overlord  
  57  4:33  Roach  
  57  4:36  Overlord  
  59  4:46  Overlord  
  59  4:48  Roach  
  59  4:49  Roach, Nydus Network  
  59  4:51  Roach  
  64  4:56  Roach x2  
  64  4:59  Roach  
  70  5:05  Roach x2  
  74  5:07  Roach  
  74  5:09  Overlord  
  74  5:13  Roach  
  78  5:17  Roach x2  
  78  5:21  Overlord  
  82  5:23  Roach  
  84  5:34  Roach  
  84  5:36  Roach  
  84  5:37  Roach x3  
  84  5:40  Roach  
  90  5:43  Nydus Canal  
  90  5:45  Roach  
  90  5:46  Roach  
  90  5:49  Roach  
  94  5:51  Roach  
  100  5:57  Roach x2  
  100  6:00  Roach  
  102  6:10  Roach x2  
  106  6:16  Roach  
  106  6:21  Overlord  
  102  6:28  Overlord x2  
  100  6:33  Nydus Canal  
  100  6:38  Overlord x2  
  100  6:39  Overlord x2  
  100  6:42  Roach  
  100  6:43  Roach  
  100  6:46  Roach  
  106  6:48  Roach  
  106  6:49  Roach x2  
  116  6:54  Roach x2  
  116  6:56  Ravager  
  116  6:57  Ravager  
  116  6:58  Roach  
  120  7:01  Nydus Canal  
  120  7:02  Roach  
  120  7:05  Roach  
  124  7:09  Roach  

Tags
 
Add a new tag
Caveats
  • Supply blocks, unpowered buildings, or Contaminate may cause inaccurate times.
  • Supply counts are checked every 10 seconds.